 Dungeon Crawl Stone Soup version 0.29-a0-6-ga859fcf985 (webtiles) character file.

Game seed: 176678544217832332

1486 Grim the Archer (level 8, -3/62 HPs)
             Began as a Minotaur Hunter on Jan 27, 2022.
             Killed by nerve-wracking pain
             ... invoked by an orc priest
              (12 damage)
             ... on level 6 of the Dungeon.
             The game lasted 00:09:26 (6367 turns).

Grim the Archer (Minotaur Hunter)                   Turns: 6367, Time: 00:09:27

Health: -3/62      AC: 14    Str: 16    XL:     8   Next: 50%
Magic:  7/7        EV:  5    Int:  8    God:
Gold:   296        SH:  0    Dex: 20    Spells: 7/7 levels left

rFire   . . .      SeeInvis .   b - +0 rapier
rCold   . . .      Faith    .   (no shield)
rNeg    . . .      Spirit   .   g - +0 plate armour
rPois   .          Reflect  .   (helmet restricted)
rElec   .          Harm     .   f - +0 cloak
rCorr   .          Rampage  .   e - +0 pair of gloves
Will    +....                   (no boots)
Stlth   ..........              q - amulet of regeneration
HPRegen 1.00/turn               s - ring of willpower
MPRegen 0.10/turn               x - +6 ring of dexterity

@: no status effects
A: horns 2, retaliatory headbutt, iridescent scales 1
a: no special abilities


You were on level 6 of the Dungeon.
You visited 1 branch of the dungeon, and saw 6 of its levels.
You also visited: Ossuary.

You collected 296 gold pieces.

Inventory:

Hand Weapons
 a - a +1 shortbow
 b - a +0 rapier (weapon)
 E - a +0 longbow
Missiles
 d - 56 arrows
Armour
 e - a +0 pair of gloves (worn)
 f - a +0 cloak (worn)
 g - a +0 plate armour (worn)
Jewellery
 h - an amulet of the acrobat
 i - a ring of resist corrosion
 q - an amulet of regeneration (around neck)
 s - a ring of willpower (left hand)
 x - a +6 ring of dexterity (right hand)
 y - a ring of see invisible
Wands
 v - a wand of flame (8)
 w - a wand of charming (2)
Scrolls
 c - 2 scrolls of vulnerability {unknown}
 j - a scroll of enchant armour
 l - a scroll of enchant weapon {unknown}
 m - 2 scrolls of magic mapping {unknown}
 n - a scroll of amnesia {unknown}
 o - 5 scrolls of identify
 p - 2 scrolls of immolation {unknown}
 r - a scroll of silence {unknown}
 t - 3 scrolls of teleportation {unknown}
 C - 2 scrolls of fear {unknown}
 F - a scroll of brand weapon {unknown}
Potions
 k - 2 potions of curing {unknown}
 z - a potion of cancellation {unknown}
 A - a potion of flight {unknown}
 B - 2 potions of degeneration {unknown}
 D - a potion of ambrosia {unknown}


   Skills:
 - Level 2.4 Fighting
 + Level 12.3 Bows
 - Level 2.1 Dodging
 - Level 0.7 Stealth


You had 7 spell levels left.
You didn't know any spells.
Your spell library contained the following spells:

 Spells                   Type           Power      Damage    Failure   Level
 Conjure Flame            Conj/Fire      0%         6-21      100%        3
 Gell's Gravitas          Tloc           0%         N/A       100%        3
 Ignite Poison            Fire/Tmut/Pois 0%         N/A       100%        3
 Lesser Beckoning         Tloc           0%         N/A       100%        3
 Ozocubu's Armour         Ice            0%         N/A       100%        3
 Teleport Other           Tloc           0%         N/A       100%        3
 Sticky Flame             Conj/Fire      0%         2d3       100%        4
 Metabolic Englaciation   Hex/Ice        0%         N/A       100%        5
 Simulacrum               Ice/Necr       0%         N/A       100%        6


Dungeon Overview and Level Annotations

Branches:
Dungeon (6/15)            Ossuary (visited)
 Temple: D:4-7

Altars:
Makhleb

Shops:
D:1 (   D:6 *[:[!

Portals:
Abyss: D:5

Annotations:
D:5 2 transporters, tirquin's ghost, amateur DsWz


Innate Abilities, Weirdness & Mutations

You have a pair of horns on your head.
You reflexively headbutt those who attack you in melee.
You are partially covered in iridescent scales. (AC +2)


Message History

You hit the orc warrior. You headbutt the orc warrior.
The orc warrior is almost dead.
The orc priest hits you from afar with a +0 trident.
* * * LOW HITPOINT WARNING * * *
The orc warrior hits you but does no damage.
The orc priest hits you from afar with a +0 trident.
* * * LOW HITPOINT WARNING * * *
The orc warrior hits you with a +0 mace!
* * * LOW HITPOINT WARNING * * *
You hit the orc warrior.
You kill the orc warrior!
The orc priest mumbles some strange prayers to Beogh against you.
Beogh smites you!
* * * LOW HITPOINT WARNING * * *
Unknown command.
You feel much better.
The orc priest hits you from afar with a +0 trident!
* * * LOW HITPOINT WARNING * * *
The orc priest calls down the wrath of Beogh upon you.
Beogh smites you!
* * * LOW HITPOINT WARNING * * *
Items here: )) [ †.
You hit the orc priest. You headbutt the orc priest.
The orc priest is heavily wounded.
The orc priest hits you but does no damage.
You completely miss the orc priest.
You headbutt the orc priest, but do no damage.
The orc priest is heavily wounded.
The orc priest looks braver for a moment.
You hit the orc priest.
The orc priest is severely wounded.
The orc priest hits you with a +0 trident.
* * * LOW HITPOINT WARNING * * *
You hit the orc priest but do no damage.
The orc priest is severely wounded.
The orc priest hits you with a +0 trident.
* * * LOW HITPOINT WARNING * * *
The orc priest invokes the aid of Beogh against you.
Pain shoots through your body!
You die...

### ########.. #########
#......... ..(.....#
#.######.. #.# #.# #..
#@# #.# ###.. #o# #.#
#.... #o# #.# #.... #.#
#.# #....
.######.#######.####....
..(oo(..................
.......∩................
(######.#######.########
#.# #.#


You could see an orc priest and an orc.

Vanquished Creatures
  A wraith (Ossuary)
  An ice beast (D:6)
  An orc warrior (D:6)
  A black bear (D:5)
  A centaur (D:6)
  3 necrophages
  An ogre (D:6)
  A bullfrog (D:6)
  A bullfrog zombie (D:6)
  2 hounds
  A jelly (D:5)
  2 orc priests (D:5)
  Crazy Yiuf (D:3)
  A gnoll shaman (D:3)
  2 iguanas
  A mummy (Ossuary)
  A hound skeleton (D:4)
  Robin (D:4)
  10 gnolls
  An adder (D:2)
  2 ufetubi
  2 adder skeletons (D:4)
  A worm (D:2)
  2 dart slugs
  11 orcs
  5 endoplasms
  4 giant cockroaches
  16 goblins
  7 hobgoblins
  8 quokkas
  5 ball pythons
  4 bats
  4 frilled lizards
  6 gnoll skeletons (Ossuary)
  9 kobolds
  8 kobold skeletons (Ossuary)
  11 orc skeletons (Ossuary)
  4 rats
143 creatures vanquished.

Notes
Turn   | Place    | Note
-------+----------+-------------------------------------------
     0 | D:1      | Grim the Minotaur Hunter began the quest for the Orb.
     0 | D:1      | Reached XP level 1. HP: 18/18 MP: 0/0
   195 | D:1      | Reached XP level 2. HP: 25/25 MP: 1/1
   204 | D:1      | Reached skill level 5 in Bows
   274 | D:1      | Found Cikhebig's Weapon Boutique.
   467 | D:1      | Reached XP level 3. HP: 24/30 MP: 2/2
   616 | D:1      | Found a faded altar of an unknown god.
   988 | D:2      | Found a burning altar of Makhleb.
  1668 | D:2      | Reached skill level 6 in Bows
  1785 | D:3      | Reached XP level 4. HP: 37/37 MP: 3/3
  1903 | D:3      | Reached skill level 7 in Bows
  1903 | D:3      | Reached XP level 5. HP: 13/42 MP: 4/4
  2204 | D:3      | Found a runed translucent door.
  2205 | D:3      | Noticed Crazy Yiuf
  2737 | D:3      | Killed Crazy Yiuf
  2740 | D:3      | Gained mutation: You do not regenerate when monsters are
                  | visible. [potion of mutation]
  2740 | D:3      | Gained mutation: You are frail. (-10% HP) [potion of
                  | mutation]
  3149 | D:4      | Identified the +0 helmet "Qabyti" {rN+ Dex+3}
  3149 | D:4      | Noticed Robin
  3191 | D:4      | Killed Robin
  3520 | D:4      | Reached skill level 8 in Bows
  3698 | D:4      | Noticed a necrophage
  3711 | D:4      | Killed a necrophage
  3712 | D:4      | Reached XP level 6. HP: 44/45 MP: 5/5
  4274 | D:5      | Entered Level 5 of the Dungeon
  4386 | D:5      | Noticed an ancient zyme
  4423 | D:5      | Found a transporter.
  4431 | D:5      | Noticed a small abomination
  4441 | D:5      | Noticed tirquin's ghost (amateur DsWz)
  4447 | D:5      | Found a one-way gate to the infinite horrors of the Abyss.
  4460 | D:5      | Found a transporter.
  4694 | D:5      | Reached skill level 9 in Bows
  4721 | D:5      | Reached XP level 7. HP: 50/50 MP: 6/6
  4803 | D:5      | Found a sand-covered staircase.
  4810 | Ossuary  | Entered an ossuary
  4810 | Ossuary  | Noticed a wraith
  4810 | Ossuary  | Noticed a wraith
  4810 | Ossuary  | Noticed a wraith
  4886 | Ossuary  | Noticed a wraith
  4909 | Ossuary  | Killed a wraith
  4910 | Ossuary  | Reached skill level 10 in Bows
  4973 | Ossuary  | Lost mutation: You do not regenerate when monsters are
                  | visible. [potion of mutation]
  4973 | Ossuary  | Lost mutation: You are frail. (-10% HP) [potion of
                  | mutation]
  4973 | Ossuary  | Gained mutation: You are partially covered in iridescent
                  | scales. (AC +2) [potion of mutation]
  5495 | D:6      | Found Siompapea's Assorted Antiques.
  5708 | D:6      | Reached skill level 11 in Bows
  5708 | D:6      | Reached XP level 8. HP: 62/62 MP: 7/7
  5778 | D:6      | Found Piokuk's Antique Armour Shop.
  5890 | D:6      | Found Opluah's Antique Armour Shop.
  6070 | D:6      | Found Wyethuw's Book Shop.
  6100 | D:6      | Found Toaped's Distillery.
  6352 | D:6      | Reached skill level 12 in Bows
  6367 | D:6      | Killed from afar by an orc priest

Illustrated notes

Levels and vault maps discovered:
D:1:      dpeg_arrival_water_fire, layout_basic, serial_shops,
          nicolae_shop_statue_plus, dilly_ecumenical_altar_fadedgnrine,
          kennysheep_small_spiral, roderic_three_in_a_row
D:2:      layout_basic, basic_altar, roderic_serpentine_path
D:3:      layout_loops_ring, uniq_crazy_yiuf_cottage
D:4:      layout_loops_corners, uniq_robin
D:5:      layout_loops_ring, nicolae_ossuary_entry_monument,
          gammafunk_ghost_abyssal_escape
D:6:      layout_basic, serial_shops, nicolae_shop_hallway_plus, shop,
          nicolae_shop_waterfront, shop, nicolae_shop_hallway_stairs

Skill      XL: |  1  2  3  4  5  6  7  8 |
---------------+-------------------------+-----
Bows           | 5 6 7 8 9 11 12 | 12.3
Fighting       | |  2.4
Dodging        | |  2.1
Stealth        | |  0.7

Action                   |  1- 3 |  4- 6 |  7- 9 || total
-------------------------+-------+-------+-------++-------
Melee: Short sword       |    36 |    21 |       ||    57
       Headbutt          |     4 |    16 |    28 ||    48
       Rapier            |       |    49 |    88 ||   137
       Punch             |       |     1 |     1 ||     2
 Fire: Shortbow          |    68 |    78 |   101 ||   247
  Use: Potion            |       |     3 |     4 ||     7
       Scroll            |       |     2 |       ||     2
Armor: Plate armour      |    22 |    60 |   100 ||   182
       Leather armour    |     2 |       |       ||     2
Dodge: Dodged            |    16 |    20 |    30 ||    66

Table legend: (Time is in decaauts)
 A = Elapsed time spent in this place.
 B = Non-inter-level travel time spent in this place.
 C = Inter-level travel time spent in this place.
 D = Time resting spent in this place.
 E = Time spent auto-exploring this place.
 F = Levels seen in this place.
 G = Mean time per level.
                   A        B        C        D        E       F      G
               +--------+--------+--------+--------+--------+-----+--------+
         Total |   6376 |   6171 |    205 |    842 |   4283 |   7 |  910.9 |
       Dungeon |   6035 |   5830 |    205 |    813 |   4118 |   6 | 1005.8 |
       Ossuary |    341 |    341 |      0 |     29 |    165 |   1 |  341.0 |
               +--------+--------+--------+--------+--------+-----+--------+

Top non-repeatable levels by time:
     D:3: 1208 daAuts
     D:4: 1194 daAuts
     D:1: 986 daAuts
     D:6: 942 daAuts
     D:2: 893 daAuts
     D:5: 809 daAuts
 Ossuary: 341 daAuts
